 Dungeon Crawl Stone Soup version 0.23.2 (webtiles) character file.

Game seed: 2124186963447643572

499 Illumine the Chopper (level 6, -3/50 (51) HPs)
             Began as a Minotaur Fighter on Oct 23, 2019.
             Was an Initiate of Cheibriados.
             Slain by a two-headed ogre
             ... wielding a +0 giant spiked club
              (6 damage)
             ... on level 7 of the Dungeon.
             The game lasted 00:02:40 (1904 turns).

Illumine the Chopper (Minotaur Fighter)             Turns: 1904, Time: 00:02:40

HP:   -3/50 (51)    AC:  6    Str: 22 (23) XL:     6   Next: 94%
MP:   5/5           EV:  8    Int: 10 (11) God:    Cheibriados [......]
Gold: 111           SH:  0    Dex:  9 (11) Spells: 5/5 levels left

rFire    . . .     SeeInvis .   a - +0 war axe
rCold    . . .     Gourm    .   c - +0 shield
rNeg     . . .     Faith    .   b - +0 scale mail
rPois    .         Spirit   .   (helmet restricted)
rElec    .         Reflect  .   (no cloak)
rCorr    .         Harm     .   (no gloves)
MR       .....                  (no boots)
Stlth    ..........             (no amulet)
HPRegen  0.16/turn              (no ring)
MPRegen  0.09/turn              (no ring)

@: confused, brilliant, very slow
A: retaliatory headbutt, horns 2
a: Bend Time, Renounce Religion


You were on level 7 of the Dungeon.
You worshipped Cheibriados.
Cheibriados was noncommittal.
You were hungry.

You visited 1 branch of the dungeon, and saw 6 of its levels.

You collected 111 gold pieces.

Inventory:

Hand Weapons
 a - a +0 war axe (weapon)
Armour
 b - a +0 scale mail (worn)
 c - a +0 shield (worn)
Wands
 l - a wand of disintegration (12)
Scrolls
 d - 2 scrolls of remove curse {unknown}
 g - a scroll of enchant weapon {unknown}
 h - 3 scrolls of teleportation {unknown}
 k - a scroll of identify {unknown}
 n - a scroll of fog {unknown}
Potions
 i - a potion of degeneration
 m - a potion of heal wounds {unknown}
Comestibles
 f - 4 rations


   Skills:
 - Level 3.6 Fighting
 * Level 7.5 Axes
 - Level 3.6 Armour
 + Level 6.2 Shields


You had 5 spell levels left.
You didn't know any spells.
Your spell library was empty.

Dungeon Overview and Level Annotations

Branches:
Dungeon (7/15)             Temple (0/1) D:6

Altars:
Cheibriados
Nemelex Xobeh
Okawaru
Ru
Trog

Shops:
D:6 :

Annotations:
D:7 Dowan, Duvessa


Innate Abilities, Weirdness & Mutations

You reflexively headbutt those who attack you in melee.
You have a pair of horns on your head.


Message History

It was a potion of brilliance.
You feel clever all of a sudden. You block the howler monkey's attack.
You block the two-headed ogre's attack. x2
Duvessa hits you with a +0 short sword.
* * * LOW HITPOINT WARNING * * *
Unknown command.
It was a potion of degeneration.
There was something very wrong with that liquid.
You feel weakened.
You feel dopey.
You feel clumsy.
The howler monkey hits you but does no damage.
The adder barely misses you. Duvessa hits you but does no damage.
It was a potion of ambrosia.
You are confused.
You feel invigorated. The howler monkey hits you.
* * * LOW HITPOINT WARNING * * *
The adder barely misses you.
The two-headed ogre hits you with a +0 giant spiked club.
* * * LOW HITPOINT WARNING * * *
The two-headed ogre hits you with a +0 giant club.
You die...

).... ... ....$
.. ...... ..
...... ###.
......##..
.......$.###
...........#
#<##S###
#ee@h..#
#....###O....(#
#..#. ..#......
#.. ##
..##.....# .
#.# ..... #.
##... #. ..# #
##


You could see a two-headed ogre, Duvessa, Dowan, a howler monkey and an adder.

Vanquished Creatures
  2 black bears (D:6)
  A necrophage (D:6)
  A crimson imp (D:6)
  2 orc wizards (D:6)
  A hound zombie (D:6)
  A howler monkey skeleton (D:6)
  3 gnolls (D:6)
  3 adders (D:2)
  A shadow imp (D:6)
  An ooze (D:1)
  2 dart slugs
  A leopard gecko (D:1)
  5 orcs (D:6)
  A ball python (D:6)
  A giant cockroach (D:1)
  2 goblins (D:6)
  5 hobgoblins
  6 jackals (D:2)
  3 kobolds
  3 bats (D:1)
  3 frilled lizards
  3 rats
51 creatures vanquished.

Notes
Turn   | Place    | Note
-------+----------+-------------------------------------------
     0 | D:1      | Illumine the Minotaur Fighter began the quest for the Orb.
     0 | D:1      | Reached XP level 1. HP: 19/19 MP: 0/0
    60 | D:1      | Reached skill level 3 in Axes
    60 | D:1      | Reached XP level 2. HP: 25/26 MP: 1/1
   743 | D:2      | Reached XP level 3. HP: 27/31 MP: 2/2
   751 | D:2      | Reached skill level 4 in Axes
   774 | D:2      | Found a sparkling altar of Nemelex Xobeh.
  1005 | D:3      | You fall through a shaft for 3 floors!
  1005 | D:6      | Found a bloodstained altar of Trog.
  1005 | D:6      | Noticed a black bear
  1006 | D:6      | Noticed a black bear
  1006 | D:6      | Noticed a necrophage
  1010 | D:6      | Killed a black bear
  1010 | D:6      | Reached skill level 5 in Axes
  1010 | D:6      | Reached skill level 5 in Shields
  1010 | D:6      | Reached XP level 4. HP: 20/38 MP: 3/3
  1010 | D:6      | Reached XP level 5. HP: 23/44 MP: 4/4
  1011 | D:6      | Killed a black bear
  1011 | D:6      | Reached skill level 6 in Axes
  1014 | D:6      | Killed a necrophage
  1014 | D:6      | Reached XP level 6. HP: 14/50 MP: 5/5
  1266 | D:6      | Found Voxoq's Book Shoppe.
  1288 | D:6      | Found a sacrificial altar of Ru.
  1295 | D:5      | Entered Level 5 of the Dungeon
  1298 | D:5      | Found a snail-covered altar of Cheibriados.
  1346 | D:6      | Reached skill level 7 in Axes
  1384 | D:5      | Became a worshipper of Cheibriados the Contemplative
  1703 | D:6      | Found a staircase to the Ecumenical Temple.
  1844 | D:6      | Found an iron altar of Okawaru.
  1896 | D:7      | Noticed a two-headed ogre
  1899 | D:7      | Noticed Duvessa
  1901 | D:7      | Noticed Dowan
  1904 | D:7      | Slain by a two-headed ogre

Skill      XL: |  1  2  3  4  5  6 |
---------------+-------------------+-----
Axes           | 3 5 6 7 |  7.5
Shields        | 4 5 6 |  6.2
Fighting       | |  3.6
Armour         | |  3.6

Action                   |  1- 3 |  4- 6 || total
-------------------------+-------+-------++-------
Melee: War axe           |    75 |    44 ||   119
       Headbutt          |    10 |    12 ||    22
  Use: Potion            |     1 |     3 ||     4
  Eat: Chunk             |       |     3 ||     3
Armor: Scale mail        |    33 |    16 ||    49
Dodge: Dodged            |    36 |    14 ||    50
Block: Shield            |    41 |    36 ||    77
